 Dungeon Crawl Stone Soup version 0.29.1-15-g9cfb28693d (webtiles) character file.

Game seed: 1244154835829560190

16779 MysteronAgent the Cleaver (level 12, -6/112 HPs)
             Began as a Minotaur Fighter on Apr 23, 2023.
             Was a Priest of Ashenzari.
             Mangled by a six-headed hydra (7 damage)
             ... on level 2 of the Lair of Beasts.
             The game lasted 00:31:22 (14366 turns).

MysteronAgent the Cleaver (Minotaur Fighter)       Turns: 14366, Time: 00:31:23

Health: -6/112     AC: 13    Str: 23    XL:     12   Next: 13%
Magic:  11/11      EV: 12    Int:  9    God:    Ashenzari [***...]
Gold:   814        SH:  6    Dex:  9    Spells: 11/11 levels left

rFire   . . .      SeeInvis +   a - +0 war axe "All-seeing Trepidation" {Comp, Elem} (curse)
rCold   . . .      Faith    .   c - +0 buckler of the Shattered Sky {Self, Melee} (curse)
rNeg    . . .      Spirit   .   b - +1 scale mail of the Elysian Yoke {Bglg, Self} (curse)
rPois   +          Reflect  .   (helmet restricted)
rElec   .          Harm     .   (no cloak)
rCorr   .          Rampage  .   (no gloves)
Will    .....      Clarity  +   (no boots)
Stlth   +.........              (no amulet)
HPRegen 0.28/turn               n - ring "Prophetic Mistrust" {AC+4, Bglg, Evo} (curse)
MPRegen 0.12/turn               o - ring of Ashenzari's Visionary {rPois, Cun, Fort} (curse)

@: hasted, quick
A: horns 2, retaliatory headbutt, hooves 1, wild magic 1
a: Renounce Religion, Curse Item, Shatter the Chains


You were on level 2 of the Lair of Beasts.
You worshipped Ashenzari.
Ashenzari was most pleased with you.
You visited 2 branches of the dungeon, and saw 12 of its levels.

You collected 814 gold pieces.

Inventory:

Hand Weapons
 a - the cursed +0 war axe "All-seeing Trepidation" (weapon) {Comp, Elem}

   It has a curse which improves the following skills: Companions: Summonings
   and Necromancy.
   Elements:  Fire Magic, Ice Magic, Air Magic and Earth Magic.
Missiles
 d - 4 javelins
 i - 4 boomerangs
 k - 10 curare-tipped darts (quivered)
 p - 2 throwing nets
Armour
 b - the cursed +1 scale mail of the Elysian Yoke (worn) {Bglg, Self}

   It has a curse which improves the following skills: Beguiling: Conjurations,
   Hexes and Translocations.
   Introspection: Fighting and Spellcasting.
 c - the cursed +0 buckler of the Shattered Sky (worn) {Self, Melee}

   It has a curse which improves the following skills: Introspection: Fighting
   and Spellcasting.
   Melee Combat: Short Blades, Long Blades, Axes, Maces & Flails, Polearms,
   Staves and Unarmed Combat.
Jewellery
 l - a ring of ice
 n - the cursed ring "Prophetic Mistrust" (left hand) {AC+4, Bglg, Evo}
   (You found it on level 3 of the Dungeon)

   [ring of protection]

   AC:        It affects your AC (+4).
   It has a curse which improves the following skills: Beguiling: Conjurations,
   Hexes and Translocations.
   Evocations: Evocations.
 o - the cursed ring of Ashenzari's Visionary (right hand) {rPois, Cun, Fort}
   (You took it off a gnoll on level 4 of the Dungeon)

   [ring of poison resistance]

   rPois:     It protects you from poison.
   It has a curse which improves the following skills: Cunning: Dodging and
   Stealth.
   Fortitude: Armour and Shields.
 F - a ring of wizardry
Wands
 q - a wand of iceblast (5)
 u - a wand of paralysis (4)
 w - a wand of flame (13)
Scrolls
 f - 4 scrolls of teleportation
 g - 4 scrolls of amnesia
 h - 2 scrolls of magic mapping
 m - 2 scrolls of immolation
 t - 2 scrolls of enchant armour
 x - a scroll of enchant weapon
 y - 2 scrolls of fog
 G - a scroll of vulnerability
 H - a scroll of brand weapon
 I - 3 scrolls of poison
Potions
 j - a potion of magic
 r - 2 potions of curing
 v - a potion of haste
 z - a potion of flight
 A - a potion of lignification
 B - a potion of attraction
 C - 2 potions of ambrosia
 D - a potion of invisibility
 E - a potion of cancellation


   Skills:
 * Level 9.3(11.8) Fighting
 * Level 13.4(14.9) Axes
 * Level 6.1 Throwing
 * Level 9.1(10.7) Armour
 * Level 6.6(8.2) Dodging
 * Level 5.5(7.1) Stealth
 * Level 8.2(9.9) Shields
 * Level 4.6(6.1) Evocations


You had 11 spell levels left.
You didn't know any spells.
Your spell library contained the following spells:

 Spells                   Type           Power      Damage    Failure   Level
 Magic Dart               Conj           0%         1d3       75%         1
 Sandblast                Erth           0%         2d4       75%         1
 Sting                    Tmut/Pois      0%         1d3       78%         1
 Searing Ray              Conj           0%         2d4       86%         2
 Sublimation of Blood     Necr           0%         N/A       87%         2
 Passwall                 Tmut/Erth      0%         N/A       88%         2
 Poisonous Vapours        Pois/Air       0%         N/A       88%         2
 Confusing Touch          Hex            0%         N/A       97%         3
 Dazzling Flash           Conj/Hex       0%         N/A       97%         3
 Stone Arrow              Conj/Erth      0%         3d7       98%         3
 Animate Armour           Summ/Erth      0%         N/A       100%        4
 Fulminant Prism          Conj/Hex       0%         3d6       100%        4
 Iskenderun's Mystic Bla  Conj/Tloc      0%         2d3       100%        4
 Olgreb's Toxic Radiance  Pois           0%         N/A       100%        4
 Petrify                  Tmut/Erth      0%         N/A       100%        4
 Agony                    Necr           0%         N/A       100%        5
 Irradiate                Conj/Tmut      0%         3d11      100%        5
 Silence                  Hex/Air        0%         N/A       100%        5
 Yara's Violent Unravell  Hex/Tmut       0%         3d3       100%        5
 Starburst                Conj/Fire      0%         6d3       100%        6
 Enfeeble                 Hex            0%         N/A       100%        7
 Lehudib's Crystal Spear  Conj/Erth      0%         10d2      100%        8


Dungeon Overview and Level Annotations

Branches:
Dungeon (10/15)            Temple (0/1) D:7            Lair (2/5) D:10
 Shoals (0/4) Lair:2
  Snake: Lair:2-3    Spider: Lair:2-3       Orc: D:9-12

Altars:
Ashenzari
Cheibriados
Fedhas
Hepliaklqana
Kikubaaqudgha
Nemelex Xobeh
Okawaru
Qazlal
Ru
Sif Muna
Trog
Uskayaw
Wu Jian
Yredelemnul

Shops:
D:2 *

Portals:
Abyss: Lair:1

Annotations:
Lair:1 2 transporters, adizb's ghost, journeyman PaFi


Innate Abilities, Weirdness & Mutations

You have a pair of horns on your head.
You reflexively headbutt those who attack you in melee.
You have large cloven feet.
Your spells are a little harder to cast, but a little more powerful.


Message History

You are engulfed in a cloud of scalding steam.
You start resting.
A six-headed hydra is nearby!
You enter the shallow water.
Moving in this stuff is going to be slow.
You enter the shallow water.
Moving in this stuff is going to be slow.
You enter the shallow water.
Moving in this stuff is going to be slow.
The six-headed hydra bites you.
* * * LOW HITPOINT WARNING * * *
The six-headed hydra closely misses you.
The six-headed hydra bites you!
* * * LOW HITPOINT WARNING * * *
You block the six-headed hydra's attack.
The six-headed hydra bites you.
* * * LOW HITPOINT WARNING * * *
The six-headed hydra misses you.
Aiming: Throw Flame
Press: ? - help, Shift-Dir - straight line, f - six-headed hydra
Aim: a six-headed hydra (91% to hit)
The puff of flame hits the six-headed hydra.
The six-headed hydra is lightly wounded.
The six-headed hydra is engulfed in a cloud of scalding steam.
The six-headed hydra bites you but does no damage. x2
The six-headed hydra bites you.
* * * LOW HITPOINT WARNING * * *
You block the six-headed hydra's attack.
The six-headed hydra misses you. The six-headed hydra bites you!
* * * LOW HITPOINT WARNING * * *
You feel yourself speed up.
The six-headed hydra is engulfed in a cloud of scalding steam.
The six-headed hydra bites you but does no damage.
The six-headed hydra bites you!
* * * LOW HITPOINT WARNING * * *
The six-headed hydra closely misses you.
The six-headed hydra bites you.
* * * LOW HITPOINT WARNING * * *
The six-headed hydra bites you!
You die...

....# ##........# ... * ##.)
...####.......#.### * .., * ##†..
...(##...##....#.~ * ...####....
.#.......~##~.##~# ....#...P...
###......~~~.~~#.##*..#..........
##....~~...~..~.##.##..........
#...{.~#.>.~~.~#..###..#...P..
##.....~~..~~......##..##.....
##...###~##~@..P.# #..#......
##..†~#..~##DP..## #........
#.....~.Y.~Y...## #...#.P..
###.###..##...## ##..##.#.
#..##.####.## #.#,#### ##....#
.## #..##.## #..#### *# ##......
##..# #...... ##.## #......


You could see a six-headed hydra and a yak.

Vanquished Creatures
  A catoblepas (Lair:2)
  2 two-headed ogres
  Nergalle (D:10)
  Pikel (D:5)
  Joseph (D:7)
  A black mamba (Lair:2)
  4 cane toads
  Maggie (Lair:2)
  4 komodo dragons
  2 trolls
  A polar bear (Lair:1)
  A hornet (D:9)
  Sigmund (D:5)
  A shadow (D:10)
  24 yaks
  Eustachio (D:6)
  3 wyverns
  2 steam dragons
  Menkaure (D:5)
  Edmund (D:5)
  An acid dragon (D:8)
  A water moccasin (Lair:1)
  Duvessa (D:4)
  4 black bears
  3 ice beasts
  2 sky beasts (D:7)
  3 wolves (Lair:1)
  2 ogres (D:6)
  5 centaurs
  3 lemures (D:5)
  6 phantoms
  3 kobold brigands
  5 bullfrogs
  3 scorpions
  5 necrophages
  7 wights
  Dowan (D:4)
  12 killer bees
  4 howler monkeys
  A jelly (D:6)
  2 hounds
  4 orc priests
  A gnoll bouda (D:4)
  6 orc wizards
  4 iguanas
  8 gnolls
  12 adders
  4 worms
  2 dart slugs
  37 orcs
  2 bats (D:1)
  8 endoplasms
  2 giant cockroaches
  6 goblins
  9 hobgoblins
  10 jackals
  20 kobolds
  3 quokkas
  8 ball pythons
  2 frilled lizards
  4 rats
280 creatures vanquished.

Vanquished Creatures (others)
  9 fungi
  7 plants
16 creatures vanquished.

Grand Total: 296 creatures vanquished

Notes
Turn   | Place    | Note
-------+----------+-------------------------------------------
     0 | D:1      | MysteronAgent the Minotaur Fighter began the quest for the
                  | Orb.
     0 | D:1      | Reached XP level 1. HP: 19/19 MP: 0/0
   375 | D:1      | Reached XP level 2. HP: 25/27 MP: 1/1
   479 | D:2      | Reached XP level 3. HP: 25/33 MP: 2/2
   651 | D:2      | Found Tuleim's General Store.
   697 | D:2      | Reached skill level 3 in Axes
   781 | D:2      | Found a faded altar of an unknown god.
   799 | D:2      | Prayed at the altar of an unknown god.
   799 | D:2      | Became a worshipper of Ashenzari the Shackled
   929 | D:2      | Reached skill level 1 in Dodging
   929 | D:2      | Reached XP level 4. HP: 41/41 MP: 3/3
   966 | D:2      | Found a hide-covered altar of Uskayaw.
  1322 | D:2      | Reached skill level 1 in Stealth
  1800 | D:1      | Reached * piety under Ashenzari
  2515 | D:3      | Reached skill level 1 in Throwing
  2532 | D:3      | Found an ancient bone altar of Kikubaaqudgha.
  2655 | D:3      | Gained mutation: Your spells are a little harder to cast,
                  | but a little more powerful. [potion of mutation]
  2655 | D:3      | Gained mutation: You have large cloven feet. [potion of
                  | mutation]
  2656 | D:3      | Found a hazy altar of Hepliaklqana.
  2726 | D:3      | Reached ** piety under Ashenzari
  2850 | D:3      | Reached XP level 5. HP: 48/48 MP: 4/4
  2855 | D:3      | Reached skill level 4 in Axes
  3146 | D:4      | Noticed Duvessa
  3146 | D:4      | Noticed Dowan
  3358 | D:4      | Reached XP level 6. HP: 30/56 MP: 5/5
  3380 | D:4      | Killed Dowan
  3408 | D:4      | Killed Duvessa
  3409 | D:4      | Reached skill level 5 in Axes
  3414 | D:4      | Reached XP level 7. HP: 26/62 MP: 6/6
  3424 | D:4      | Reached skill level 5 in Fighting
  3424 | D:4      | Reached skill level 6 in Axes
  3424 | D:4      | Reached skill level 5 in Armour
  3734 | D:4      | Found a shimmering blue altar of Sif Muna.
  4084 | D:5      | Entered Level 5 of the Dungeon
  4091 | D:5      | Noticed Edmund
  4109 | D:5      | Killed Edmund
  4397 | D:5      | Reached skill level 5 in Shields
  4451 | D:5      | Reached XP level 8. HP: 65/71 MP: 7/7
  4483 | D:5      | Reached skill level 7 in Axes
  4550 | D:5      | Found an iron altar of Okawaru.
  4629 | D:5      | Noticed Pikel
  4661 | D:5      | Killed Pikel
  4662 | D:5      | Reached skill level 8 in Axes
  4981 | D:5      | Noticed Menkaure
  4984 | D:5      | Killed Menkaure
  5007 | D:5      | Reached *** piety under Ashenzari
  5258 | D:5      | Noticed Sigmund
  5266 | D:5      | Killed Sigmund
  5267 | D:5      | Reached XP level 9. HP: 81/82 MP: 8/8
  5269 | D:5      | Reached skill level 9 in Axes
  5531 | D:6      | Noticed Eustachio
  5543 | D:6      | Killed Eustachio
  5544 | D:6      | Reached skill level 1 in Evocations
  5577 | D:6      | Identified the cursed +1 scale mail of the Elysian Yoke
                  | {Bglg, Self}
  6049 | D:6      | Found a blossoming altar of Fedhas.
  6866 | D:7      | Found a broken altar of Ashenzari.
  6882 | D:7      | Reached skill level 10 in Axes
  6996 | D:7      | Noticed Joseph
  7014 | D:7      | Killed Joseph
  7036 | D:7      | Reached XP level 10. HP: 50/91 MP: 9/9
  7348 | D:7      | Found a stormy altar of Qazlal.
  7579 | D:7      | Found a staircase to the Ecumenical Temple.
  8022 | D:8      | Found a sparkling altar of Nemelex Xobeh.
  8038 | D:8      | Reached skill level 5 in Dodging
  8765 | D:9      | Reached skill level 11 in Axes
  9437 | D:9      | Noticed a two-headed ogre
  9446 | D:9      | Killed a two-headed ogre
  9447 | D:9      | Reached skill level 5 in Throwing
  9797 | D:9      | Found a sacrificial altar of Ru.
  9797 | D:9      | Found a basalt altar of Yredelemnul.
 10009 | D:10     | Entered Level 10 of the Dungeon
 10024 | D:10     | Found a bloodstained altar of Trog.
 10063 | D:10     | Found an ornate altar of the Wu Jian Council.
 10145 | D:10     | Noticed a two-headed ogre
 10152 | D:10     | Killed a two-headed ogre
 10153 | D:10     | Reached XP level 11. HP: 101/101 MP: 10/10
 10192 | D:10     | Reached skill level 12 in Axes
 10579 | D:10     | Found a snail-covered altar of Cheibriados.
 10712 | D:10     | Found a staircase to the Lair.
 10891 | D:10     | Noticed Nergalle
 10909 | D:10     | Noticed a spectral orc warlord
 10910 | D:10     | Killed Nergalle
 11684 | Lair:1   | Entered Level 1 of the Lair of Beasts
 11719 | Lair:1   | Noticed a cyan ugly thing
 11720 | Lair:1   | Found a one-way gate to the infinite horrors of the Abyss.
 11720 | Lair:1   | Noticed adizb's ghost (journeyman PaFi)
 11720 | Lair:1   | Noticed a spriggan rider
 11721 | Lair:1   | Noticed a rakshasa
 11721 | Lair:1   | Noticed a great orb of eyes
 11722 | Lair:1   | Noticed a cyan ugly thing
 11764 | Lair:1   | Found a transporter.
 11772 | Lair:1   | Reached skill level 5 in Stealth
 11899 | Lair:1   | Found a transporter.
 13416 | Lair:2   | Reached skill level 13 in Axes
 13693 | Lair:2   | Noticed a catoblepas
 13706 | Lair:2   | Killed a catoblepas
 13753 | Lair:2   | Reached XP level 12. HP: 17/111 MP: 11/11
 14266 | Lair:2   | Found a staircase to the Shoals.
 14307 | Lair:2   | Noticed Maggie
 14324 | Lair:2   | Noticed a six-headed hydra
 14327 | Lair:2   | Killed Maggie
 14366 | Lair:2   | HP: 5/112 [six-headed hydra (9)]
 14366 | Lair:2   | HP: 1/112 [six-headed hydra (4)]
 14366 | Lair:2   | Mangled by a six-headed hydra

Illustrated notes

Levels and vault maps discovered:
D:1:      lightli_arrival_noodles, layout_basic, feat_on_display
D:2:      minmay_recursive_quarters, layout_basic,
          shapermc_ecumenical_altar_ellora, basic_altar, serial_shops, shop,
          corner_web_ring
D:3:      layout_rooms, mainiacjoe_overflow_alcove_2,
          mainiacjoe_overflow_brackets, serial_rivers,
          chequers_serial_rivers_room_a, chequers_serial_rivers_small_3,
          chequers_serial_rivers_room_a, chequers_serial_rivers_micro_b,
          chequers_serial_rivers_room_b
D:4:      layout_rooms, marbit_many_paths, uniq_duvessa
D:5:      layout_basic, kennysheep_okawaru_gauntlet, uniq_pikel, uniq_menkaure,
          uniq_sigmund, uniq_edmund
D:6:      layout_layer_cave, fedhas_altar_1, minmay_crystal_room, minivault_10,
          minmay_misc_feat_tiny, uniq_eustachio
D:7:      layout_basic, mainiacjoe_overflow_alcove_1,
          cheibrodos_ashenzari_chains, minmay_temple_entry_grid,
          chequers_serial_rivers_micro_a, uniq_joseph
D:8:      layout_rooms, nemelex_diamond_rough_becter
D:9:      layout_roguey, gammafunk_temple_overflow_wave
D:10:     layout_layer_cave, kennysheep_mini,
          mainiacjoe_overflow_six_doors_small, mainiacjoe_overflow_boulevard,
          lair_entry_dummy, uniq_nergalle
Lair:1:   layout_cellular_growth, gammafunk_ghost_abyssal_escape
Lair:2:   layout_cave_pods, elwin_shoals_entry_rocks,
          guppyfry_snake_entry_island, serial_bayou_shore_b, grunt_megastairs_4,
          lemuel_fruit_fields, infiniplex_staircase_pool_2, uniq_maggie

Skill      XL: |  1  2  3  4  5  6  7  8  9 10 11 12 |
---------------+-------------------------------------+-----
Armour         | 4 5 6 7 8 9 |  9.1
Shields        | 4 5 6 7 8 |  8.2
Fighting       | 4 5 6 8 9 |  9.3
Axes           | 3 4 5 6 8 10 11 13 | 13.4
Dodging        | 1 2 3 4 5 6 |  6.6
Stealth        | 1 2 3 4 5 |  5.5
Throwing       | 1 2 3 4 5 6 |  6.1
Evocations     | 2 3 4 |  4.6

Action                   |  1- 3 |  4- 6 |  7- 9 | 10-12 || total
-------------------------+-------+-------+-------+-------++-------
Melee: War axe           |    65 |   115 |   197 |   368 ||   745
       Headbutt          |     6 |    13 |    25 |    78 ||   122
       Kick              |       |    13 |    45 |   116 ||   174
Throw: Dart              |       |    25 |    12 |    23 ||    60
Invok: Curse Item        |     1 |     2 |     2 |       ||     5
Evoke: Wand              |       |       |     5 |    12 ||    17
  Use: Potion            |     1 |     3 |     4 |     6 ||    14
       Scroll            |       |     2 |       |     4 ||     6
 Stab: Paralysed         |       |       |       |    10 ||    10
       Sleeping          |       |       |       |     1 ||     1
Armor: Scale mail        |    41 |    73 |    81 |   178 ||   373
       Skin              |       |       |    54 |       ||    54
Dodge: Dodged            |    36 |    72 |    78 |   226 ||   412
Block: Buckler           |    17 |    37 |    55 |   120 ||   229
